 Dungeon Crawl Stone Soup version 0.19.1 (webtiles) character file.

295 M4edhros the Poker (level 6, 0/42 HPs)
             Began as an Octopode Chaos Knight on Dec 25, 2016.
             Killed by divine providence
             ... invoked by an orc priest
              (15 damage)
             ... on level 3 of the Dungeon.
             The game lasted 00:03:45 (8122 turns).

M4edhros the Poker (Octopode Chaos Knight)          Turns: 8122, Time: 00:03:46

Health: 0/42       AC:  1    Str: 12    XL:     6   Next: 34%
Magic:  6/6        EV: 13    Int: 14    God:    Xom [....*.]
Gold:   158        SH:  0    Dex: 13    Spells: 0 memorised, 5 levels left

rFire  . . .     SeeInvis .     a - +0 spear (chaos)
rCold  . . .     Gourm    .     (no shield)
rNeg   . . .     Faith    .     (helmet restricted)
rPois  .         Spirit   .     (no amulet)
rElec  .         Reflect  .     (no ring)
rCorr  .         Harm     .     (no ring)
MR     .....                    (no ring)
Stlth  ++........               (no ring)
                                (no ring)
                                (no ring)
                                (no ring)
                                (no ring)

@: no status effects
A: almost no armour, stealthy swim, amphibious, 8 rings, constrict 8, antennae
1, camouflage 1, sense surroundings 1, gelatinous body 1
a: Renounce Religion


You were on level 3 of the Dungeon.
You worshipped Xom.
You were a beloved toy of Xom.
You were hungry.

You visited 1 branch of the dungeon, and saw 3 of its levels.

You collected 158 gold pieces.

Inventory:

Hand Weapons
 a - a +0 spear of chaos (weapon)
 f - a +2 club of chaos
 h - a +0 dagger of draining
Armour
 m - a +0 chain mail
Wands
 k - a wand of flame (26/48)
Scrolls
 c - a scroll of blinking {unknown}
 d - a scroll of remove curse {unknown}
 e - 4 scrolls of recharging {unknown}
 g - a scroll of fear {unknown}
 n - a scroll of identify {unknown}
 o - a scroll of immolation {unknown}
Potions
 l - a potion of invisibility {unknown}
Comestibles
 b - a bread ration


   Skills:
 - Level 3.0 Fighting
 + Level 6.9 Polearms
 - Level 2.3 Dodging


You had 5 spell levels left.
You didn't know any spells.

Dungeon Overview and Level Annotations

Branches:
Dungeon (3/15)

Altars:
Ashenzari
Xom


Innate Abilities, Weirdness & Mutations

You cannot wear most types of armour.
You are very stealthy in the water. (Stealth+)
You are amphibious.
You can wear up to eight rings at the same time.
You can use your tentacles to constrict eight enemies at once.
Your skin changes colour to match your surroundings (Stealth+).
Your rubbery body absorbs attacks. (AC +1, EV +1)
You have a pair of small antennae on your head.
You passively map a small area around you.


Message History

You hit the orc priest.
There is a sudden explosion of sparks!
You kill the orc priest!
Your life force feels restored.
The orc priest begins to cast a cantrip, but forgets the words!
Unknown command.
You hit the orc wizard but do no damage.
Your grab misses the orc wizard. The orc wizard barely misses you.
Unknown command.
You closely miss the orc wizard. You grab the orc wizard.
You constrict the orc wizard. The orc wizard hits you with a dagger.
Unknown command.
You hit the orc wizard.
The orc wizard is poisoned.
You squeeze the orc wizard.
The orc wizard is heavily wounded.
You constrict the orc wizard.
Unknown command.
You hit the orc wizard. You freeze the orc wizard.
You kill the orc wizard!
The orc priest mumbles some strange prayers to Beogh against you.
Beogh smites you!
You die...

#.#...###.#
#######.#.#.....#
#.........#####.#**
* #......#..# ,*
,,,, *
####......#..#
,**,* *
_............# *,**
* * *
####......#..# *,*
*
###########..#####
,,,* * ..#
****#.....@#*** * *
#.#
#.........{)o.....,
#)#
#####.#....#######
* #.# #.#..###
#)#########....#*
.........#####..
....####.#,,,...#*
#.#.##...#,**##..**
**** <...##.###,* *
,,,,,,, ****


You could see an orc priest.

Vanquished Creatures
  3 orc priests (D:3)
  2 orc wizards (D:3)
  4 adders
  An ooze (D:1)
  2 worms
  2 dart slugs
  5 leopard geckos
  11 orcs (D:3)
  2 ball pythons
  3 giant cockroaches
  7 goblins
  11 hobgoblins
  10 jackals
  4 kobolds
  9 bats
  5 frilled lizards
  11 rats
92 creatures vanquished.

Notes
Turn   | Place    | Note
-------+----------+-------------------------------------------
     0 | D:1      | M4edhros the Octopode Chaos Knight began the quest for the Orb.
     0 | D:1      | Reached XP level 1. HP: 16/16 MP: 1/1
    87 | D:1      | XOM: harmless Conj miscast
   127 | D:1      | XOM: divination: detect items
   262 | D:1      | XOM: harmless Divn miscast
   801 | D:1      | Reached XP level 2. HP: 11/21 MP: 2/2
  1121 | D:1      | XOM is BORED!
  1121 | D:1      | XOM: chaos upgrade
  1316 | D:1      | XOM: cast spell 'Necromutation'
  1491 | D:1      | XOM: 1-stop teleportation journey
  2050 | D:1      | Reached skill level 4 in Polearms
  2145 | D:1      | XOM: god gift: lumpy emerald potion {god gift}
  2275 | D:1      | XOM: 4-stop teleportation journey
  2280 | D:1      | Reached XP level 3. HP: 23/26 MP: 3/3
  2281 | D:1      | XOM: enchant monster (bad)
  2448 | D:1      | XOM: divination: detect creatures
  2576 | D:1      | XOM: scenery: create altars
  2598 | D:1      | XOM: 1-stop teleportation journey
  3159 | D:1      | XOM: mild Tmut miscast
  3693 | D:2      | Reached XP level 4. HP: 14/31 MP: 4/4
  3710 | D:2      | Reached skill level 5 in Polearms
  4209 | D:2      | XOM: 4-stop teleportation journey
  4272 | D:2      | XOM: 6-stop teleportation journey
  4864 | D:3      | XOM: medium Conj miscast
  5017 | D:3      | XOM: silly message
  5046 | D:3      | XOM: swap monsters
  5049 | D:3      | XOM: potion effect (haste)
  5053 | D:3      | Reached XP level 5. HP: 26/36 MP: 5/5
  5176 | D:3      | Found a shattered altar of Ashenzari.
  5176 | D:3      | XOM: 10-stop teleportation journey
  5455 | D:3      | XOM: god gift: chain mail {god gift}
  5501 | D:3      | XOM: scenery: create altars
  5921 | D:3      | XOM: mild Necr miscast
  5953 | D:3      | Reached skill level 6 in Polearms
  6313 | D:3      | XOM is BORED!
  6313 | D:3      | XOM: give mutations
  6313 | D:3      | Gained mutation: You have a pair of small antennae on your head. [Xom's mischief]
  6313 | D:3      | Gained mutation: You passively map a small area around you. [Xom's mischief]
  6313 | D:3      | Gained mutation: Scrolls take you a little longer to read. [Xom's mischief]
  6313 | D:3      | Gained mutation: Your mind is acute. (Int +2) [Xom's mischief]
  6480 | D:3      | XOM: give mutation
  6480 | D:3      | Lost mutation: Your mind is acute. (Int +2) [Xom's mischief]
  6711 | D:3      | XOM: 1-stop teleportation journey
  6823 | D:3      | XOM: god gift: 31 gold pieces
  6955 | D:3      | XOM: harmless Tmut miscast
  7589 | D:3      | Reached XP level 6. HP: 19/41 MP: 6/6
  7660 | D:3      | XOM: give mutation
  7660 | D:3      | Lost mutation: Scrolls take you a little longer to read. [Xom's mischief]
  7781 | D:3      | XOM: scenery: create altars
  7799 | D:3      | XOM: divination: magic mapping
  7969 | D:3      | XOM: cloud trail
  8122 | D:3      | Killed from afar by an orc priest

Skill      XL: |  1  2  3  4  5 |
---------------+----------------+-----
Polearms       | 4 5 6 |  6.9
Fighting       | |  3.0
Dodging        | |  2.3

Action                   |  1- 3 |  4- 6 || total
-------------------------+-------+-------++-------
Melee: Spear             |    80 |   161 ||   241
       Constrict         |    14 |    32 ||    46
       Tentacles         |    15 |    22 ||    37
  Use: Potion            |     1 |     2 ||     3
 Stab: Sleeping          |     4 |     3 ||     7
       Paralysed         |       |     2 ||     2
  Eat: Chunk             |     6 |    14 ||    20
       Pizza             |       |     1 ||     1
Armor: Skin              |     5 |     5 ||    10
Dodge: Dodged            |    42 |    53 ||    95
